Map: Catalyst LE

Players

Avoš

  • Race: Protoss Protoss
  • Spawn Location: 11:00

A.I. 1 (Medium)

  • Race: Zerg Zerg
  • Spawn Location: 5:00

VOD

Have the link to the VOD?

Description

Time

  • Played on: July 28, 2018, 1:18 p.m.
  • Length: 19:48
Show
View Real Time Build Order
Export as new Build Order

Avoš Protoss 

Build Orders:  

Get SALT Encoding   

    0:53  Probe x12  
    1:05  Unknown  
    1:06  Probe  
  13  1:19  Probe  
  13  1:24  Pylon  
  14  1:31  Probe  
  15  1:43  Gateway  
  15  1:44  Probe  
  16  1:51  Assimilator  
  16  1:56  Probe  
  16  2:01  Assimilator  
  17  2:04  Probe  
  17  2:13  Probe  
  18  2:21  Gateway  
  19  2:23  Probe  
  20  2:35  Cybernetics Core  
  20  2:38  Probe  
  21  2:45  Pylon  
  21  2:47  Probe  
  22  2:55  Probe  
  22  3:02  Warp Gate  
  22  3:04  Probe  
  24  3:17  Stalker  
  28  3:24  Sentry  
  28  3:29  Probe  
  28  3:30  Pylon  
  29  3:47  Stalker  
  31  3:59  Stalker  
  31  4:00  Nexus  
  33  4:05  Probe  
  34  4:17  Probe  
  34  4:18  Stalker  
  37  4:31  Twilight Council  
  37  4:40  Probe  
  38  4:49  Pylon  
  38  4:52  Probe  
  39  5:07  Blink  
  39  5:15  Robotics Facility  
  39  5:18  Probe  
  39  5:19  Forge  
  40  5:22  Stalker  
  40  5:23  Stalker  
  44  5:30  Probe x2  
  46  5:39  Assimilator  
  46  5:42  Probe x2, Assimilator  
  48  5:55  Protoss Ground Weapons Level 1  
  46  6:20  Stalker  
  46  6:21  Stalker  
  46  6:34  Probe  
  46  6:35  Probe  
  48  6:42  Observer  
  48  6:47  Probe x2  
  51  7:01  Probe x2, Robotics Bay  
  53  7:13  Probe x2  
  55  7:25  Probe x2  
  57  7:37  Probe x2  
  59  7:55  Nexus  
  59  7:58  Assimilator  
  59  8:02  Assimilator, Stalker  
  61  8:14  Pylon  
  61  8:16  Pylon  
  61  8:20  Pylon  
  61  8:22  Pylon  
  61  8:35  Stalker  
  61  8:36  Stalker  
  61  8:41  Disruptor  
  68  8:53  Gateway  
  68  8:55  Gateway  
  68  9:01  Robotics Facility  
  68  9:16  Disruptor  
  71  9:57  Probe x3  
  74  10:04  Disruptor x2  
  80  10:09  Probe x3  
  80  10:14  Protoss Ground Weapons Level 2  
  81  10:33  Stalker  
  81  10:34  Stalker x3  
  89  10:39  Disruptor  
  92  11:03  Probe x3  
  95  11:15  Probe x2, Pylon  
  95  11:16  Probe  
  95  11:18  Pylon  
  98  11:21  Pylon  
  98  11:27  Probe  
  99  11:48  Gateway  
  99  11:49  Gateway  
  99  11:53  Gateway  
  99  11:54  Gateway  
  99  12:11  Probe x3  
  102  12:16  Disruptor x2  
  108  12:23  Probe x3  
  111  12:30  Protoss Ground Armor Level 1  
  111  12:35  Probe x3  
  113  12:47  Probe x2  
  113  12:48  Probe  
  116  12:52  Disruptor x2  
  117  12:59  Probe  
  116  13:27  Disruptor x2  
  116  14:03  Disruptor x2  
  118  14:39  Disruptor x2  
  118  15:22  Stalker x2  
  118  15:23  Stalker x4  
  118  15:24  Stalker  
  128  16:17  Stalker x2  
  132  16:27  Pylon  
  132  16:28  Pylon  
  132  16:30  Pylon  
  132  16:32  Pylon  
  132  16:34  Pylon  
  132  16:35  Pylon  
  132  16:37  Pylon  
  132  16:38  Pylon  
  129  17:08  Disruptor x2  
  132  17:11  Stalker x2  
  132  17:12  Stalker x3  
  132  17:13  Stalker x3  
  151  17:43  Disruptor x2  
  157  18:19  Disruptor x2  
  163  18:55  Disruptor x2  
Show
View Real Time Build Order
Export as new Build Order

A.I. 1 (Medium) Zerg 

Build Orders: Hatch First 

Get SALT Encoding   

    0:47  Overlord  
    0:53  Drone x12  
    1:05  Unknown  
    1:06  Drone  
  13  1:13  Drone  
  14  1:21  Overlord  
  14  1:48  Hatchery  
  14  1:50  Drone  
  14  1:53  Drone  
  15  1:57  Drone  
  16  2:16  Spawning Pool  
  16  2:17  Drone  
  16  2:20  Drone  
  17  2:22  Extractor  
  17  2:25  Drone  
  17  2:33  Overlord  
  17  3:03  Drone, Zergling x2  
  17  3:04  Queen  
  21  3:09  Roach Warren  
  21  3:10  Extractor  
  19  3:14  Drone  
  19  3:15  Zergling x2  
  19  3:18  Drone  
  24  3:48  Roach  
  24  3:52  Overlord  
  24  4:00  Roach  
  26  4:10  Drone  
  26  4:11  Roach  
  26  4:15  Drone  
  30  4:18  Drone  
  30  4:23  Drone, Roach  
  34  4:32  Overlord  
  34  4:34  Roach  
  34  4:35  Drone  
  37  4:39  Drone  
  40  4:45  Roach  
  40  4:48  Baneling Nest  
  40  4:50  Drone  
  40  4:57  Evolution Chamber  
  40  4:59  Drone  
  40  5:25  Hatchery  
  39  5:45  Hatchery  
  38  5:53  Drone  
  39  5:57  Drone  
  40  6:10  Drone  
  41  6:14  Drone  
  41  6:18  Zergling x2  
  35  6:32  Roach  
  31  6:45  Roach  
  33  6:55  Spore Crawler  
  33  6:59  Ravager  
  33  7:00  Spore Crawler  
  32  7:01  Drone  
  32  7:07  Roach  
  35  7:16  Queen  
  35  7:21  Roach, Ravager  
  40  7:30  Spine Crawler  
  40  7:31  Drone  
  40  7:39  Spine Crawler  
  40  7:40  Drone  
  40  7:50  Queen  
  41  7:52  Zergling x2  
  41  7:55  Hatchery  
  41  9:06  Evolution Chamber  
  41  9:07  Drone  
  41  9:10  Drone  
  41  9:13  Drone  
  41  9:16  Drone  
  44  9:19  Drone  
  44  9:22  Drone  
  44  9:23  Spore Crawler  
  45  9:25  Spore Crawler, Drone  
  45  9:29  Drone  
  46  9:33  Drone  
  46  9:35  Drone  
  48  9:38  Drone  
  48  9:41  Drone  
  50  10:02  Overlord  
  50  10:06  Pneumatized Carapace  
  50  10:11  Zergling x2  
  40  10:37  Drone  
  40  10:38  Zerg Melee Weapons Level 1  
  40  10:40  Drone  
  42  10:43  Drone  
  42  10:46  Drone  
  42  10:47  Overlord  
  42  10:49  Drone  
  45  10:52  Drone  
  45  10:55  Drone  
  47  10:58  Drone  
  47  10:59  Zerg Ground Armor Level 1  
  47  11:01  Drone  
  49  11:11  Spine Crawler, Drone  
  48  11:16  Spine Crawler  
  48  11:18  Drone  
  49  11:22  Queen  
  49  11:24  Overlord  
  51  11:31  Burrow  
  51  12:00  Extractor  
  50  12:25  Queen  
  50  12:32  Zerg Missile Weapons Level 1  
  50  12:34  Zergling x2  
  48  12:38  Queen  
  50  12:49  Drone, Queen  
  42  12:52  Drone  
  42  12:55  Drone  
  34  12:58  Drone  
  34  13:01  Drone  
  34  13:04  Drone  
  37  13:07  Drone  
  37  13:09  Zergling x2  
  37  13:10  Drone  
  37  13:13  Drone  
  37  13:16  Drone, Queen  
  37  13:19  Drone  
  40  13:21  Hatchery  
  40  13:22  Drone  
  40  13:25  Drone  
  41  13:28  Drone  
  41  13:32  Zergling x2  
  39  13:36  Drone  
  28  13:51  Hatchery  
  28  13:54  Roach Warren  
  11  14:03  Drone  
  11  14:05  Drone  
  11  14:08  Drone  
  12  14:10  Zergling x2, Queen  
  12  14:11  Drone  
  14  14:17  Spore Crawler  
  14  14:18  Drone  
  14  14:21  Drone  
  11  14:24  Drone  
  11  14:27  Drone  
  13  14:34  Roach  
  13  14:36  Drone  
  13  14:38  Roach  
  17  14:39  Drone  
  17  14:41  Zergling x2  
  17  14:42  Drone, Evolution Chamber  
  17  14:45  Roach  
  17  14:47  Drone  
  17  14:49  Roach  
  17  14:50  Drone  
  19  14:53  Drone, Roach  
  19  14:56  Drone, Roach  
  19  14:59  Drone  
  20  15:02  Drone  
  20  15:06  Drone  
  21  15:13  Drone  
  11  15:35  Drone  
  11  15:38  Drone  
  11  15:41  Drone  
  14  15:48  Drone  
  15  15:52  Drone  
  16  16:01  Drone x2  
  7  16:56  Drone  
  6  17:02  Drone  
  6  17:03  Drone  
  6  17:14  Drone  
  4  17:32  Drone  
  5  17:38  Drone  
  6  17:44  Drone  
  6  17:49  Drone  
  5  18:17  Drone  
  5  18:25  Drone  
  6  18:28  Drone  
  6  18:29  Drone  
  6  18:31  Drone  
  1  19:00  Drone  
Tags
 
Matchup
PvZ
Spawn Locations
Cross Positions
Add a new tag
Caveats
  • Supply blocks, unpowered buildings, or Contaminate may cause inaccurate times.
  • Supply counts are checked every 10 seconds.